 Dungeon Crawl Stone Soup version 0.29.1 (webtiles) character file.

Game seed: 11136633076534999206

5019 Icepheonix32 the Cleaver (level 10, -8/93 HPs)
             Began as a Minotaur Fighter on Sept 13, 2022.
             Was an Elder of Okawaru.
             Hit by a large rock thrown by a cyclops (43 damage)
             ... on level 9 of the Dungeon.
             The game lasted 00:11:11 (8654 turns).

Icepheonix32 the Cleaver (Minotaur Fighter)         Turns: 8654, Time: 00:11:12

Health: -8/93      AC: 17    Str: 25    XL:     10   Next: 30%
Magic:  7/9        EV: 15    Int:  5    God:    Okawaru [****..]
Gold:   461        SH:  6    Dex: 10    Spells: 9/9 levels left

rFire   . . .      SeeInvis .   a - +1 war axe (protect)
rCold   + . .      Faith    .   c - +0 buckler
rNeg    . . .      Spirit   .   t - +1 leather armour of Woroew {Harm rC+}
rPois   .          Reflect  .   (helmet restricted)
rElec   .          Harm     +   K - scarf {repulsion}
rCorr   .          Rampage  .   (no gloves)
Will    .....                   l - +0 pair of boots
Stlth   +++.......              (no amulet)
HPRegen 0.25/turn               p - +4 ring of protection
MPRegen 0.11/turn               (no ring)

@: heroic, under a protective aura, studying Poison Magic, repel missiles
A: horns 2, retaliatory headbutt
a: Renounce Religion, Heroism, Finesse


You were on level 9 of the Dungeon.
You worshipped Okawaru.
Okawaru was greatly pleased with you.
You visited 2 branches of the dungeon, and saw 10 of its levels.

You collected 461 gold pieces.

Inventory:

Hand Weapons
 a - a +1 war axe of protection (weapon)
 C - a +1 vorpal falchion
Missiles
 D - a throwing net (quivered)
Armour
 b - a +0 scale mail
 c - a +0 buckler (worn)
 h - a +0 cloak
 l - a +0 pair of boots (worn)
 t - the +1 leather armour of Woroew (worn) {Harm rC+}
   (You found it on level 3 of the Dungeon)

   rC:        It protects you from cold.
   Harm:      It increases damage dealt and taken.
 H - a +0 chain mail
 K - a scarf of repulsion (worn)
Jewellery
 p - a +4 ring of protection (left hand)
Wands
 y - a wand of roots (15)
 J - a wand of mindburst (7)
Scrolls
 d - 3 scrolls of vulnerability
 i - 5 scrolls of teleportation
 o - 3 scrolls of magic mapping
 q - 4 scrolls of enchant weapon
 v - a scroll of immolation
 I - a scroll of fear
Potions
 e - 4 potions of degeneration {unknown}
 f - 4 potions of curing
 g - 2 potions of cancellation {unknown}
 j - 4 potions of heal wounds {unknown}
 m - a potion of magic
 n - 2 potions of haste {unknown}
 r - 2 potions of lignification
 u - a potion of attraction
 w - 2 potions of ambrosia {unknown}
 x - a potion of invisibility
 z - a potion of flight
 A - a potion of resistance
 B - 3 potions of brilliance {unknown}
 E - a potion of berserk rage
 F - a potion of might


   Skills:
 * Level 10.1(15.1) Fighting
 + Level 12.2(17.2) Axes
 + Level 5.6(10.6) Armour
 + Level 5.6(10.6) Dodging
 + Level 2.3(7.3) Stealth
 + Level 6.5(11.5) Shields


You had 9 spell levels left.
You didn't know any spells.
Your spell library contained the following spells:

 Spells                   Type           Power      Damage    Failure   Level
 Apportation              Tloc           0%         N/A       56%         1
 Shock                    Conj/Air       0%         1d3       56%         1
 Slow                     Hex            0%         N/A       56%         1
 Ensorcelled Hibernation  Hex/Ice        0%         N/A       71%         2
 Passwall                 Tmut/Erth      0%         N/A       71%         2
 Confusing Touch          Hex            0%         N/A       91%         3
 Swiftness                Air            0%         N/A       91%         3
 Vampiric Draining        Necr           0%         2d6       91%         3
 Airstrike                Air            0%         2d(0-16)  100%        4
 Alistair's Intoxication  Tmut/Pois      0%         N/A       100%        5


Dungeon Overview and Level Annotations

Branches:
Dungeon (9/15)             Temple (1/1) D:5
   Lair: D:8-11         Orc: D:9-12

Altars:
Ashenzari
Dithmenos
Elyvilon
Fedhas
Gozag
Hepliaklqana
Kikubaaqudgha
Makhleb
Nemelex Xobeh
Okawaru
Qazlal
Ru
Sif Muna
Trog
Uskayaw
Vehumet
Wu Jian
Xom
Yredelemnul
Zin
The Shining One

Annotations:
D:6 2 transporters, bande's ghost, novice HOFi


Innate Abilities, Weirdness & Mutations

You have a pair of horns on your head.
You reflexively headbutt those who attack you in melee.


Message History

You destroy the fire elemental!
The fire elemental disappears in a puff of smoke!
You barely miss the deep elf pyromancer.
The fire elemental hits you. The fire elemental burns you!
Your base Axes skill increases to level 12!
Unknown command.
You closely miss the deep elf pyromancer.
You headbutt the deep elf pyromancer!
The deep elf pyromancer is almost dead.
You slash the fire elemental!
The deep elf pyromancer gestures wildly while chanting.
The fire elemental hits you. The fire elemental burns you!
* * * LOW HITPOINT WARNING * * *
You hit the deep elf pyromancer.
The deep elf pyromancer is almost dead.
You slash the fire elemental!
You destroy the fire elemental!
The fire elemental disappears in a puff of smoke!
You hit the gnoll. The gnoll misses you. The deep elf pyromancer misses you.
Unknown command.
You slice the deep elf pyromancer!!
You kill the deep elf pyromancer!
Okawaru is honoured by your kill.
The fire elemental disappears in a puff of smoke! x2
You hit the gnoll.
A centaur comes into view.
A cyclops comes into view.
Your base Fighting skill increases to level 10!
The centaur shouts!
You slash the gnoll!
You kill the gnoll!
Okawaru accepts your kill.
The kobold brigand throws a poisoned dart.
The poisoned dart misses you.
The centaur wields a +0 shortbow.
The centaur shoots an arrow.
You block the arrow.
It was a potion of curing.
You feel better.
The centaur shoots an arrow.
The arrow closely misses you.
The kobold brigand throws a poisoned dart.
The poisoned dart closely misses you.
The cyclops throws a large rock.
The large rock hits you!!!
You die...

## ##c # ...## ###.
...# #... #.K## ####
#..# .§.# ###..#
#...###)§## ###....#
#.)#.)@.§# ###......#
#.)C.).#####.'......#
##.).###.#.).##....##
#.#'#...##...#...##
###.)....'.###..##
#######
##..#..###...##
#.....##
#......#...##
#......#
#####...###..##
#._8_..#
#...#.###....#


You could see a cyclops, a kobold brigand and a centaur.

Vanquished Creatures
  A deep elf pyromancer (D:9)
  A gargoyle (D:9)
  A troll (D:9)
  A hornet (D:8)
  A wyvern (D:7)
  A water moccasin (D:8)
  An ice beast (D:8)
  2 black bears
  4 ogres
  3 orc warriors
  6 centaurs
  2 phantoms
  A necrophage (D:6)
  4 bullfrogs
  A gnoll sergeant (D:9)
  4 scorpions
  3 wights (D:7)
  A wyvern skeleton (D:5)
  An electric eel (D:7)
  2 howler monkeys
  A bullfrog zombie (D:5)
  A centaur zombie (D:5)
  2 jellies (D:6)
  2 hounds
  A bullfrog skeleton (D:5)
  2 gnoll boudas
  4 orc priests
  4 iguanas
  15 orc wizards
  11 gnolls
  7 adders
  A shadow imp (D:7)
  A white imp (D:4)
  2 ufetubi
  2 worms
  The ghost of Voxie the Sneak, a weakling GrDe (D:5)
  A dart slug (D:1)
  19 orcs
  A bat (D:3)
  10 endoplasms
  6 giant cockroaches
  7 goblins (D:1)
  6 hobgoblins
  4 quokkas
  4 ball pythons
  3 frilled lizards
  10 kobolds
  4 rats
173 creatures vanquished.

Vanquished Creatures (others)
  2 orc wizards
2 creatures vanquished.

Grand Total: 175 creatures vanquished

Notes
Turn   | Place    | Note
-------+----------+-------------------------------------------
     0 | D:1      | Icepheonix32 the Minotaur Fighter began the quest for the
                  | Orb.
     0 | D:1      | Reached XP level 1. HP: 19/19 MP: 0/0
   372 | D:1      | Reached XP level 2. HP: 26/27 MP: 1/1
   532 | D:1      | Reached skill level 3 in Axes
   538 | D:1      | Reached XP level 3. HP: 26/33 MP: 2/2
  1091 | D:2      | Reached XP level 4. HP: 40/40 MP: 3/3
  1110 | D:2      | Noticed a scorpion
  1118 | D:2      | Killed a scorpion
  1119 | D:2      | Reached skill level 4 in Axes
  1119 | D:2      | Reached skill level 1 in Dodging
  1528 | D:3      | Identified the +1 leather armour of Woroew {Harm rC+}
  1771 | D:3      | Reached XP level 5. HP: 47/47 MP: 4/4
  1904 | D:3      | Found a glowing silver altar of Zin.
  2110 | D:3      | Found a faded altar of an unknown god.
  2483 | D:4      | Reached skill level 5 in Axes
  2628 | D:4      | Noticed a phantom
  2640 | D:4      | Killed a phantom
  2824 | D:5      | Entered Level 5 of the Dungeon
  2834 | D:5      | Reached skill level 5 in Fighting
  2834 | D:5      | Reached XP level 6. HP: 36/56 MP: 5/5
  3026 | D:5      | Found a bloodstained altar of Trog.
  3048 | D:5      | Reached skill level 6 in Axes
  3333 | D:5      | Reached XP level 7. HP: 43/62 MP: 6/6
  3527 | D:5      | Reached skill level 7 in Axes
  3833 | D:5      | Found a staircase to the Ecumenical Temple.
  3893 | Temple   | Entered the Ecumenical Temple
  3995 | Temple   | Became a worshipper of Warmaster Okawaru
  4129 | D:5      | Found a runed translucent gate.
  4129 | D:5      | Found a runed translucent gate.
  4130 | D:5      | Found a runed translucent gate.
  4132 | D:5      | Noticed Voxie's ghost (weakling GrDe)
  4144 | D:5      | Reached skill level 1 in Stealth
  4153 | D:5      | Killed Voxie's ghost
  4157 | D:5      | Reached skill level 8 in Axes
  4159 | D:5      | Reached XP level 8. HP: 64/71 MP: 7/7
  4359 | D:6      | Reached * piety under Okawaru
  4360 | D:6      | Reached skill level 5 in Shields
  4818 | D:6      | Reached skill level 9 in Axes
  5211 | D:6      | Found a transporter.
  5212 | D:6      | Noticed bande's ghost (novice HOFi)
  5367 | D:6      | Found a transporter.
  5405 | D:6      | Identified the +9 great mace "Concordance" {venom, rElec
                  | rPois}
  5405 | D:6      | Noticed a two-headed ogre
  5599 | D:6      | Reached ** piety under Okawaru
  6062 | D:7      | Reached XP level 9. HP: 80/81 MP: 8/8
  6087 | D:7      | Reached skill level 10 in Axes
  6253 | D:7      | Reached skill level 5 in Armour
  6457 | D:7      | Found a radiant altar of Vehumet.
  6619 | D:7      | Identified the +2 robe of the Cursing Gods {Regen+ rCorr
                  | Str-4 Int+3}
  6981 | D:7      | Found an ancient bone altar of Kikubaaqudgha.
  7297 | D:8      | Found an ornate altar of the Wu Jian Council.
  7384 | D:8      | Reached skill level 11 in Axes
  7385 | D:8      | Reached *** piety under Okawaru
  7453 | D:8      | Reached skill level 5 in Dodging
  8540 | D:9      | Found a shimmering blue altar of Sif Muna.
  8540 | D:9      | Found a broken altar of Ashenzari.
  8629 | D:9      | Reached XP level 10. HP: 89/91 MP: 9/9
  8639 | D:9      | Reached **** piety under Okawaru
  8642 | D:9      | Noticed a gargoyle
  8642 | D:9      | Noticed a deep elf pyromancer
  8649 | D:9      | Killed a gargoyle
  8650 | D:9      | Reached skill level 12 in Axes
  8652 | D:9      | Killed a deep elf pyromancer
  8652 | D:9      | Noticed a cyclops
  8653 | D:9      | Reached skill level 10 in Fighting
  8654 | D:9      | Hit by a large rock thrown by a cyclops

Illustrated notes

Levels and vault maps discovered:
D:1:      ebering_trefoil_3fold, layout_loops_ring, minmay_hexomino_p4
D:2:      layout_rooms, chequers_garden, feat_on_display
D:3:      layout_loops_ring, zin_scriptorium,
          shapermc_ecumenical_altar_mp_vishouse
D:4:      layout_basic
D:5:      layout_gridville, general_overflow_altar, temple_pool_b,
          gammafunk_ghost_necromancy, minmay_manual_mares
D:6:      minmay_flawed_box, layout_basic, gammafunk_ghost_smash
D:7:      layout_gridville, vehumet_crystals, lemuel_coloured_pillars_altar,
          kennysheep_minor_cross, minmay_chambers_of_fives
D:8:      layout_loops_corners, lemuel_tele_altar, serial_co_window_serial,
          co_window_paths_b, co_window_corner_a, co_window_corner_a,
          co_window_paths_b, co_window_corner_a, co_window_paths_c,
          co_window_broadway_a, co_window_2corner, co_window_paths_c,
          co_window_broadway_a, co_window_corner_cb, minmay_fountain_box
D:9:      minmay_slanted_spiral_squares, layout_basic, kennysheep_little_box,
          chequers_temple_overflow_statue_of_worship
Temple:   compressed_dpeg_circular_temple

Skill      XL: |  1  2  3  4  5  6  7  8  9 10 |
---------------+-------------------------------+-----
Fighting       | 4 5 6 8 9 10 | 10.1
Axes           | 3 4 5 6 8 9 11 12 | 12.2
Shields        | 4 5 6 |  6.5
Armour         | 4 5 |  5.6
Dodging        | 1 2 4 5 |  5.6
Stealth        | 1 2 |  2.3

Action                   |  1- 3 |  4- 6 |  7- 9 | 10-12 || total
-------------------------+-------+-------+-------+-------++-------
Melee: War axe           |    71 |   100 |   254 |    19 ||   444
       Headbutt          |    11 |    16 |    35 |     3 ||    65
Invok: Heroism           |       |       |       |     1 ||     1
  Use: Scroll            |       |     1 |    15 |       ||    16
       Potion            |       |       |     2 |     1 ||     3
Armor: Scale mail        |    35 |     8 |       |       ||    43
       Leather armour    |       |    42 |   149 |     8 ||   199
Dodge: Dodged            |    32 |    45 |   136 |    24 ||   237
       Repelled          |       |       |     1 |     1 ||     2
Block: Buckler           |    13 |    23 |    61 |     7 ||   104
